 Dungeon Crawl Stone Soup version 0.29-a0-330-g52719c12eb (webtiles) character file.

Game seed: 16591052765122055021

528 HoaS the Archer (level 7, 0/40 HPs)
             Began as a Gargoyle Hunter on May 18, 2022.
             Killed from afar by an orc wizard (2 damage)
             ... with a magic dart
             ... on level 4 of the Dungeon.
             The game lasted 00:12:14 (3883 turns).

HoaS the Archer (Gargoyle Hunter)                   Turns: 3883, Time: 00:12:15

Health: 0/40       AC: 12    Str: 15    XL:     7   Next: 23%
Magic:  7/7        EV: 11    Int:  9    God:
Gold:   90         SH:  0    Dex: 15    Spells: 6/6 levels left

rFire   . . .      SeeInvis .   a - +1 shortbow
rCold   . . .      Faith    .   (shield currently unavailable)
rNeg    + . .      Spirit   .   d - +0 ring mail
rPois   ∞          Reflect  .   (no helmet)
rElec   +          Harm     .   n - +2 cloak
rCorr   +          Rampage  .   (no gloves)
Will    .....                   (no boots)
Stlth   +.........              (no amulet)
HPRegen 0.13/turn               f - ring of flight
MPRegen 0.10/turn               h - ring of resist corrosion

@: flying
A: sickness immunity, AC +4, negative energy resistance 1, electricity
resistance, torment resistance 1, petrification resistance
a: no special abilities


You were on level 4 of the Dungeon.
You visited 1 branch of the dungeon, and saw 4 of its levels.

You collected 90 gold pieces.

Inventory:

Hand Weapons
 a - a +1 shortbow (weapon)
Armour
 d - a +0 ring mail (worn)
 i - a +0 chain mail
 n - a +2 cloak (worn)
Jewellery
 f - a ring of flight (left hand)
 h - a ring of resist corrosion (right hand)
Wands
 j - a wand of mindburst (16)
Scrolls
 b - 2 scrolls of identify
 c - a scroll of immolation
Potions
 e - a potion of attraction
 g - a potion of lignification
 l - 3 potions of mutation


   Skills:
 - Level 2.1 Fighting
 * Level 8.5 Bows
 - Level 1.5 Dodging
 - Level 1.1 Stealth


You had 6 spell levels left.
You didn't know any spells.
Your spell library was empty.

Dungeon Overview and Level Annotations

Branches:
Dungeon (4/15)
 Temple: D:4-7

Altars:
Hepliaklqana


Innate Abilities, Weirdness & Mutations

You are immune to sickness and miasma.
Your stone body is resilient. (AC +4)
You are immune to poison.
You resist negative energy. (rN+)
You are resistant to electric shocks. (rElec)
You are resistant to unholy torment.
You are immune to petrification.


Message History

The giant cockroach misses you.
Something hits you but does no damage. x2
The giant cockroach barely misses you.
Shoot: a) +1 shortbow
Press: ? - help, Q - select action, (/) - cycle Shift-Dir - straight line You shoot an arrow.
The giant cockroach completely misses you.
Something hits you.
* * * LOW HITPOINT WARNING * * *
Shoot: a) +1 shortbow
Press: ? - help, Q - select action, (/) - cycle Shift-Dir - straight line You shoot an arrow.
The arrow hits the endoplasm!
You kill the endoplasm!
The giant cockroach bites you but does no damage.
You hear some strange, mumbled words.
A puff of flame appears from out of thin air!
The puff of flame hits you.
* * * LOW HITPOINT WARNING * * *
Shoot: a) +1 shortbow
Press: ? - help, Q - select action, (/) - cycle Shift-Dir - straight line You shoot an arrow.
The giant cockroach bites you but does no damage.
Something barely misses you.
The giant cockroach bites you but does no damage.
Shoot: a) +1 shortbow
Press: ? - help, Q - select action, (/) - cycle Shift-Dir - straight line You shoot an arrow.
You hear some strange, mumbled words.
A puff of flame appears from out of thin air!
The puff of flame hits you.
* * * LOW HITPOINT WARNING * * *
The giant cockroach barely misses you.
Shoot: a) +1 shortbow
Press: ? - help, Q - select action, (/) - cycle Shift-Dir - straight line You shoot an arrow.
The giant cockroach waves its antennae.
The giant cockroach barely misses you.
You hear some strange, mumbled words.
A magic dart appears from out of thin air!
The magic dart hits you.
You die...

............. ..
............ ..#
.......... ..####........#
#
..##.#..##......#######.#
..
..............†.##..<...
... #.......#
#............. ....
#....B.# #.........#..#
...####...
#@###......#..####
##.......###{#........####
#....##.#)#.))=..)....#
#..e......##........#
#..<.###.###....##..#
#.##.# #........##...# #.
.....?......... ..# #
...#...#........# ##
.#......##..#..###


You could see a giant cockroach.

Vanquished Creatures
  Duvessa (D:4)
  A phantom (D:3)
  A scorpion (D:3)
  Dowan (D:4)
  Crazy Yiuf (D:3)
  A jelly (D:2)
  2 orc wizards (D:3)
  5 adders
  2 worms (D:2)
  3 dart slugs
  10 orcs
  11 bats
  6 endoplasms
  A giant cockroach (D:4)
  10 goblins
  A hobgoblin (D:1)
  4 jackals (D:3)
  3 quokkas (D:1)
  6 ball pythons
  10 frilled lizards
  7 kobolds
  3 rats
90 creatures vanquished.

Notes
Turn   | Place    | Note
-------+----------+-------------------------------------------
     0 | D:1      | HoaS the Gargoyle Hunter began the quest for the Orb.
     0 | D:1      | Reached XP level 1. HP: 12/12 MP: 1/1
    80 | D:1      | Reached XP level 2. HP: 17/17 MP: 2/2
   285 | D:1      | Found a faded altar of an unknown god.
   382 | D:1      | You fall into a shaft and drop 1 floor!
   486 | D:1      | Reached XP level 3. HP: 21/21 MP: 3/3
   517 | D:1      | Reached skill level 5 in Bows
  1203 | D:2      | Reached XP level 4. HP: 24/26 MP: 4/4
  1811 | D:2      | Reached skill level 6 in Bows
  1912 | D:3      | Reached XP level 5. HP: 29/30 MP: 5/5
  2309 | D:3      | Reached skill level 7 in Bows
  2309 | D:3      | Noticed a phantom
  2318 | D:3      | Killed a phantom
  2319 | D:3      | Reached XP level 6. HP: 16/35 MP: 6/6
  2832 | D:3      | Found a runed translucent door.
  2833 | D:3      | Noticed Crazy Yiuf
  2947 | D:3      | Found a hazy altar of Hepliaklqana.
  3005 | D:3      | Killed Crazy Yiuf
  3164 | D:4      | Noticed Duvessa
  3164 | D:4      | Noticed Dowan
  3850 | D:4      | Killed Duvessa
  3851 | D:4      | Reached skill level 8 in Bows
  3851 | D:4      | Reached XP level 7. HP: 37/40 MP: 7/7
  3875 | D:4      | Killed Dowan
  3882 | D:4      | HP: 2/40 [something/puff of flame (1)]
  3883 | D:4      | Killed from afar by an orc wizard

Illustrated notes

Levels and vault maps discovered:
D:1:      lemuel_arrival_room, layout_loops_ring, basic_ecumenical_altar,
          serial_aquarium, aquarium_bridge_long_joined
          [aquarium_subvault_bridge, aquarium_subvault_bridge,
          aquarium_subvault_window, aquarium_subvault_wall,
          aquarium_subvault_wall, aquarium_subvault_balcony], aquarium_window_3,
          aquarium_window_2, aquarium_view_2a, aquarium_view_2b, aquarium_pool_2
D:2:      layout_loops_ring, eino_tiny_chamber, columned_hall_lemuel,
          minmay_misc_feat_alley, minmay_cupped
D:3:      layout_rooms, nzn_hepliaklqana_mist_gate, st_stairs_8,
          minmay_misc_feat_pillars, uniq_crazy_yiuf_cottage
D:4:      layout_cave_pools, lemuel_zombie_altar_yredelemnul, serial_shops,
          shop_statue, solitary_fountain, uniq_eustachio, uniq_duvessa

Skill      XL: |  1  2  3  4  5  6 |
---------------+-------------------+-----
Bows           | 5 6 7 8 |  8.5
Fighting       | |  2.1
Dodging        | |  1.5
Stealth        | |  1.1

Action                   |  1- 3 |  4- 6 |  7- 9 || total
-------------------------+-------+-------+-------++-------
Melee: Shortbow          |       |     2 |       ||     2
 Fire: Shortbow          |   113 |   167 |    31 ||   311
Evoke: Wand              |       |     3 |       ||     3
  Use: Scroll            |     2 |     7 |       ||     9
       Potion            |       |       |     2 ||     2
Armor: Ring mail         |    26 |    50 |    22 ||    98
Dodge: Dodged            |    38 |    43 |    17 ||    98

Table legend: (Time is in decaauts)
 A = Elapsed time spent in this place.
 B = Non-inter-level travel time spent in this place.
 C = Inter-level travel time spent in this place.
 D = Time resting spent in this place.
 E = Time spent auto-exploring this place.
 F = Levels seen in this place.
 G = Mean time per level.
                   A        B        C        D        E       F      G
               +--------+--------+--------+--------+--------+-----+--------+
         Total |   3976 |   3853 |    123 |   1491 |   1655 |   4 |  994.0 |
       Dungeon |   3976 |   3853 |    123 |   1491 |   1655 |   4 |  994.0 |
               +--------+--------+--------+--------+--------+-----+--------+

Top non-repeatable levels by time:
     D:3: 1675 daAuts
     D:2: 1270 daAuts
     D:1: 924 daAuts
     D:4: 106 daAuts
